2936 views
Uploaded 2019-12-30 21:48:29
Game version 1.32.0.4
21:19 long 3on3 ladder game on (6)RollingHills
Saved by BEARAND
2936 views
Uploaded 2019-12-30 21:48:29
Game version 1.32.0.4
21:19 long 3on3 ladder game on (6)RollingHills


66 units @ 5.2k
/ 0.3k
162 buildings @ 14.1k
/ 6.1k



| Staff of Sanctuary | 3 | 750 |
| Boots of Speed | 4 | 1000 |
| Periapt of Vitality | 1 | 325 |
| Staff of Teleportation | 2 | 300 |
| Circlet of Nobility | 1 | 175 |
| Healing Salve | 2 | 200 |
| Orb of Lightning | 2 | 750 |
| total: | 15 | 3500g |
| Peasant | 14 | 1050 | / | 0 |
| Priest | 1 | 135 | / | 10 |
| total: | 15 | 1185g | / | 10w |
| Scout Tower | 85 | 2550 | / | 1700 |
| Arcane Tower | 11 | 770 | / | 550 |
| Guard Tower | 36 | 2520 | / | 1800 |
| Altar of Kings | 1 | 180 | / | 50 |
| Farm | 6 | 480 | / | 120 |
| Lumber Mill | 1 | 120 | / | 0 |
| Arcane Vault | 3 | 390 | / | 90 |
| Arcane Sanctum | 1 | 150 | / | 140 |
| Keep | 1 | 320 | / | 210 |
| Castle | 1 | 360 | / | 210 |
| total: | 97 | 3870g | / | 2100w |
| 0:01 | Peasant |
| 0:01 | Peasant |
| 0:06 | Altar of Kings |
| 0:18 | Farm |
| 0:19 | Peasant |
| 0:30 | Peasant |
| 0:32 | Farm |
| 0:37 | Peasant |
| 0:48 | Lumber Mill |
| 0:54 | Peasant |
| 1:04 | Peasant |
| 1:21 | Peasant |
| 1:35 | Peasant |
| 1:55 | Scout Tower |
| 2:06 | Blizzard |
| 2:14 | Scout Tower |
| 2:16 | Scout Tower |
| 2:18 | Peasant |
| 2:21 | Improved Masonry |
| 2:22 | Arcane Tower |
| 2:24 | Scout Tower |
| 2:26 | Scout Tower |
| 2:29 | Peasant |
| 2:36 | Scout Tower |
| 2:47 | Arcane Tower |
| 2:48 | Scout Tower |
| 2:52 | Guard Tower |
| 3:04 | Guard Tower |
| 3:05 | Scout Tower |
| 3:07 | Peasant |
| 3:08 | Peasant |
| 3:08 | Peasant |
| 3:15 | Guard Tower |
| 3:16 | Scout Tower |
| 3:18 | Guard Tower |
| 3:20 | Scout Tower |
| 3:29 | Guard Tower |
| 3:33 | Guard Tower |
| 3:36 | Scout Tower |
| 3:37 | Scout Tower |
| 3:39 | Scout Tower |
| 3:47 | Guard Tower |
| 3:49 | Scout Tower |
| 3:49 | Scout Tower |
| 3:55 | Scout Tower |
| 4:12 | Keep |
| 4:16 | Guard Tower |
| 4:23 | Farm |
| 4:36 | Scout Tower |
| 4:38 | Scout Tower |
| 4:41 | Boots of Speed |
| 4:58 | Scout Tower |
| 4:59 | Scout Tower |
| 5:00 | Guard Tower |
| 5:01 | Scout Tower |
| 5:15 | Scout Tower |
| 5:44 | Guard Tower |
| 5:45 | Scout Tower |
| 5:47 | Scout Tower |
| 5:52 | Guard Tower |
| 5:53 | Guard Tower |
| 5:54 | Scout Tower |
| 6:02 | Scout Tower |
| 6:03 | Scout Tower |
| 6:05 | Guard Tower |
| 6:07 | Scout Tower |
| 6:26 | Brilliance Aura |
| 6:40 | Guard Tower |
| 6:53 | Arcane Vault |
| 6:54 | Healing Salve |
| 7:12 | Guard Tower |
| 7:14 | Advanced Masonry |
| 7:34 | Storm Bolt |
| 7:39 | Guard Tower |
| 7:40 | Scout Tower |
| 7:41 | Scout Tower |
| 7:42 | Scout Tower |
| 7:42 | Scout Tower |
| 7:48 | Scout Tower |
| 7:52 | Castle |
| 7:56 | Scout Tower |
| 7:58 | Scout Tower |
| 8:02 | Arcane Vault |
| 8:07 | Farm |
| 8:19 | Scout Tower |
| 8:27 | Arcane Sanctum |
| 9:27 | Boots of Speed |
| 9:40 | Guard Tower |
| 9:41 | Scout Tower |
| 9:42 | Scout Tower |
| 9:50 | Magic Sentry |
| 9:51 | Priest |
| 9:52 | Priest Adept Training |
| 9:54 | Scout Tower |
| 9:55 | Scout Tower |
| 9:56 | Scout Tower |
| 9:57 | Scout Tower |
| 9:58 | Scout Tower |
| 10:04 | Arcane Vault |
| 10:15 | Orb of Lightning |
| 10:18 | Staff of Sanctuary |
| 10:40 | Staff of Sanctuary |
| 11:37 | Scout Tower |
| 11:40 | Scout Tower |
| 11:40 | Scout Tower |
| 11:42 | Scout Tower |
| 11:42 | Scout Tower |
| 11:44 | Scout Tower |
| 11:45 | Scout Tower |
| 11:45 | Scout Tower |
| 11:47 | Guard Tower |
| 11:48 | Scout Tower |
| 11:48 | Scout Tower |
| 11:49 | Scout Tower |
| 11:49 | Scout Tower |
| 12:10 | Holy Light |
| 12:19 | Guard Tower |
| 12:21 | Scout Tower |
| 12:21 | Scout Tower |
| 12:22 | Scout Tower |
| 12:25 | Scout Tower |
| 12:43 | Boots of Speed |
| 12:49 | Guard Tower |
| 12:58 | Imbued Masonry |
| 13:00 | Guard Tower |
| 13:05 | Boots of Speed |
| 13:32 | Periapt of Vitality |
| 13:44 | Guard Tower |
| 14:14 | Staff of Teleportation |
| 14:32 | Staff of Sanctuary |
| 14:38 | Healing Salve |
| 14:46 | Guard Tower |
| 14:59 | Farm |
| 15:00 | Farm |
| 15:08 | Guard Tower |
| 15:15 | Guard Tower |
| 15:17 | Guard Tower |
| 15:27 | Scout Tower |
| 15:28 | Scout Tower |
| 15:28 | Scout Tower |
| 15:29 | Scout Tower |
| 15:30 | Scout Tower |
| 15:45 | Scout Tower |
| 15:46 | Scout Tower |
| 15:49 | Scout Tower |
| 15:50 | Scout Tower |
| 15:51 | Scout Tower |
| 15:51 | Scout Tower |
| 15:52 | Scout Tower |
| 16:04 | Guard Tower |
| 16:26 | Blizzard |
| 16:41 | Bash |
| 16:44 | Guard Tower |
| 16:49 | Scout Tower |
| 17:04 | Scout Tower |
| 17:12 | Arcane Tower |
| 17:23 | Scout Tower |
| 17:23 | Scout Tower |
| 17:24 | Scout Tower |
| 17:24 | Scout Tower |
| 17:25 | Scout Tower |
| 17:26 | Scout Tower |
| 17:27 | Guard Tower |
| 17:28 | Guard Tower |
| 17:28 | Guard Tower |
| 17:29 | Scout Tower |
| 17:30 | Scout Tower |
| 17:30 | Scout Tower |
| 17:32 | Scout Tower |
| 17:36 | Arcane Tower |
| 17:38 | Scout Tower |
| 17:39 | Scout Tower |
| 18:01 | Arcane Tower |
| 18:02 | Guard Tower |
| 18:02 | Guard Tower |
| 18:11 | Arcane Tower |
| 18:13 | Arcane Tower |
| 18:19 | Arcane Tower |
| 18:43 | Divine Shield |
| 19:31 | Guard Tower |
| 19:33 | Arcane Tower |
| 19:34 | Arcane Tower |
| 19:36 | Orb of Lightning |
| 19:41 | Circlet of Nobility |
| 19:54 | Staff of Teleportation |
| 20:22 | Guard Tower |
| Right click | 1886 |
| Select | 587 |
| Select group | 255 |
| Build/train/purchase | 168 |
| Chat | 71 |
| Use ability | 60 |
| Misc. action | 14 |
| Minimap ping | 9 |
| Assign group | 8 |
| Item give/drop | 4 |



| Lesser Clarity Potion | 2 | 140 |
| Staff of Teleportation | 4 | 600 |
| Boots of Speed | 2 | 500 |
| Periapt of Vitality | 3 | 975 |
| Circlet of Nobility | 2 | 350 |
| Healing Salve | 1 | 100 |
| Orb of Lightning | 2 | 750 |
| Staff of Sanctuary | 3 | 750 |
| total: | 19 | 4165g |
| Wisp | 26 | 1560 | / | 0 |
| total: | 26 | 1560g | / | 0w |
| Altar of Elders | 1 | 180 | / | 50 |
| Moon Well | 29 | 5220 | / | 1160 |
| Tree of Life | 1 | 340 | / | 185 |
| Hunter's Hall | 1 | 210 | / | 100 |
| Tree of Ages | 1 | 320 | / | 180 |
| Tree of Eternity | 1 | 330 | / | 200 |
| total: | 32 | 5950g | / | 1495w |
| 0:03 | Wisp |
| 0:03 | Wisp |
| 0:07 | Altar of Elders |
| 0:12 | Wisp |
| 0:13 | Wisp |
| 0:43 | Moon Well |
| 0:52 | Wisp |
| 0:53 | Wisp |
| 1:15 | Wisp |
| 1:15 | Wisp |
| 1:15 | Wisp |
| 1:31 | Moon Well |
| 1:39 | Wisp |
| 1:39 | Wisp |
| 2:06 | Wisp |
| 2:17 | Breath of Fire |
| 2:20 | Wisp |
| 2:21 | Wisp |
| 2:24 | Wisp |
| 3:05 | Wisp |
| 3:39 | Wisp |
| 4:05 | Staff of Teleportation |
| 4:08 | Boots of Speed |
| 4:49 | Tree of Life |
| 5:18 | Wisp |
| 5:18 | Wisp |
| 5:19 | Wisp |
| 5:19 | Wisp |
| 5:53 | Periapt of Vitality |
| 5:56 | Circlet of Nobility |
| 6:18 | Drunken Brawler |
| 6:53 | Wisp |
| 6:53 | Wisp |
| 6:55 | Wisp |
| 7:00 | Lesser Clarity Potion |
| 7:00 | Healing Salve |
| 7:07 | Tree of Ages |
| 7:30 | Wisp |
| 7:31 | Wisp |
| 8:10 | Moon Well |
| 8:45 | Circlet of Nobility |
| 8:57 | Staff of Teleportation |
| 9:28 | Tree of Eternity |
| 9:30 | Hunter's Hall |
| 9:33 | Moon Well |
| 9:37 | Lesser Clarity Potion |
| 10:12 | Frost Arrows |
| 10:27 | Boots of Speed |
| 10:32 | Periapt of Vitality |
| 10:58 | Orb of Lightning |
| 11:22 | Ultravision |
| 11:30 | Moon Well |
| 11:33 | Moon Well |
| 11:33 | Moon Well |
| 11:52 | Silence |
| 13:18 | Staff of Sanctuary |
| 13:38 | Staff of Sanctuary |
| 13:40 | Orb of Lightning |
| 14:51 | Well Spring |
| 14:52 | Moon Well |
| 14:53 | Moon Well |
| 14:54 | Moon Well |
| 14:59 | Moon Well |
| 15:00 | Moon Well |
| 15:00 | Moon Well |
| 15:01 | Moon Well |
| 16:39 | Breath of Fire |
| 17:04 | Moon Well |
| 17:05 | Moon Well |
| 17:06 | Moon Well |
| 17:06 | Moon Well |
| 17:15 | Moon Well |
| 17:15 | Moon Well |
| 17:17 | Moon Well |
| 17:18 | Moon Well |
| 17:34 | Periapt of Vitality |
| 17:34 | Staff of Teleportation |
| 17:41 | Staff of Teleportation |
| 18:08 | Staff of Sanctuary |
| 18:45 | Mana Shield |
| 19:21 | Life Drain |
| 19:28 | Moon Well |
| 19:29 | Moon Well |
| 19:32 | Moon Well |
| 19:33 | Moon Well |
| 19:52 | Nature's Blessing |
| 20:09 | Moon Well |
| 20:11 | Moon Well |
| 20:12 | Moon Well |
| Right click | 1370 |
| Select group | 744 |
| Select | 186 |
| Resource trade | 159 |
| Build/train/purchase | 78 |
| Use ability | 55 |
| Misc. action | 35 |
| Minimap ping | 23 |
| Item give/drop | 8 |
| Assign group | 5 |
| Chat | 4 |
| Esc | 2 |


| Healing Salve | 1 | 100 |
| Orb of Lightning | 2 | 750 |
| Boots of Speed | 2 | 500 |
| Staff of Teleportation | 2 | 300 |
| Staff of Sanctuary | 2 | 500 |
| total: | 9 | 2150g |
| Peon | 18 | 1350 | / | 0 |
| Troll Batrider | 7 | 1120 | / | 280 |
| total: | 25 | 2470g | / | 280w |
| Watch Tower | 20 | 2200 | / | 1600 |
| Altar of Storms | 2 | 360 | / | 100 |
| Orc Burrow | 4 | 640 | / | 160 |
| War Mill | 1 | 205 | / | 0 |
| Voodoo Lounge | 2 | 260 | / | 60 |
| Beastiary | 4 | 580 | / | 560 |
| Stronghold | 1 | 315 | / | 190 |
| Fortress | 1 | 325 | / | 190 |
| total: | 33 | 4245g | / | 2480w |
| 0:03 | Peon |
| 0:03 | Peon |
| 0:07 | Altar of Storms |
| 0:10 | Altar of Storms |
| 0:19 | Orc Burrow |
| 0:30 | Peon |
| 0:39 | War Mill |
| 0:46 | Peon |
| 1:03 | Peon |
| 1:12 | Peon |
| 1:20 | Peon |
| 1:29 | Orc Burrow |
| 1:32 | Peon |
| 1:57 | Peon |
| 2:06 | Watch Tower |
| 2:11 | Peon |
| 2:18 | Shockwave |
| 2:28 | Peon |
| 2:28 | Peon |
| 2:43 | Watch Tower |
| 3:00 | Peon |
| 3:01 | Peon |
| 3:05 | Voodoo Lounge |
| 3:09 | Voodoo Lounge |
| 3:22 | Watch Tower |
| 3:29 | Watch Tower |
| 3:44 | Peon |
| 3:44 | Peon |
| 3:44 | Peon |
| 4:00 | Watch Tower |
| 4:18 | Boots of Speed |
| 4:19 | Staff of Teleportation |
| 4:29 | Watch Tower |
| 4:33 | Watch Tower |
| 5:06 | Watch Tower |
| 5:18 | Stronghold |
| 5:21 | Healing Salve |
| 5:35 | Watch Tower |
| 5:37 | Watch Tower |
| 6:24 | Watch Tower |
| 6:28 | Watch Tower |
| 6:38 | Orc Burrow |
| 6:40 | Orc Burrow |
| 6:49 | Watch Tower |
| 6:50 | Watch Tower |
| 7:40 | Watch Tower |
| 7:43 | Peon |
| 7:46 | Fortress |
| 7:51 | Watch Tower |
| 9:32 | Hex |
| 9:46 | Beastiary |
| 9:51 | Beastiary |
| 9:55 | Beastiary |
| 9:57 | Beastiary |
| 10:28 | Watch Tower |
| 10:30 | Watch Tower |
| 10:36 | Endurance Aura |
| 10:52 | Liquid Fire |
| 10:54 | Steel Ranged Weapons |
| 10:55 | Reinforced Defenses |
| 10:56 | Spiked Barricades |
| 11:26 | Staff of Sanctuary |
| 11:36 | Watch Tower |
| 11:40 | Watch Tower |
| 11:44 | Boots of Speed |
| 11:44 | Staff of Teleportation |
| 12:07 | Troll Batrider |
| 12:13 | Troll Batrider |
| 12:55 | Troll Batrider |
| 13:34 | Troll Batrider |
| 15:11 | Thorium Ranged Weapons |
| 15:11 | Improved Spiked Barricades |
| 15:23 | Orb of Lightning |
| 16:38 | Troll Batrider |
| 16:39 | Troll Batrider |
| 17:19 | Staff of Sanctuary |
| 17:28 | Orb of Lightning |
| 17:54 | Troll Batrider |
| 18:42 | Healing Wave |
| 19:55 | Arcanite Ranged Weapons |
| 20:40 | Shockwave |
| Right click | 2016 |
| Select | 370 |
| Select group | 313 |
| Use ability | 105 |
| Build/train/purchase | 52 |
| Misc. action | 19 |
| Assign group | 12 |
| Item give/drop | 2 |
| Remove unit | 2 |
| Esc | 1 |
98 units @ 16k
/ 3k
42 buildings @ 5.9k
/ 2.4k


| Wisp | 10 | 600 | / | 0 |
| Archer | 8 | 1040 | / | 80 |
| Huntress | 4 | 780 | / | 80 |
| Hippogryph | 6 | 960 | / | 120 |
| Glaive Thrower | 2 | 420 | / | 130 |
| Chimaera | 6 | 1980 | / | 420 |
| total: | 36 | 5780g | / | 830w |
| Altar of Elders | 1 | 180 | / | 50 |
| Moon Well | 6 | 1080 | / | 240 |
| Ancient of War | 1 | 150 | / | 60 |
| Hunter's Hall | 1 | 210 | / | 100 |
| Ancient of Wind | 1 | 150 | / | 140 |
| Ancient of Lore | 1 | 155 | / | 145 |
| Chimaera Roost | 1 | 140 | / | 190 |
| Tree of Ages | 1 | 320 | / | 180 |
| Tree of Eternity | 1 | 330 | / | 200 |
| total: | 12 | 2065g | / | 925w |
| 0:06 | Altar of Elders |
| 0:06 | Wisp |
| 0:07 | Wisp |
| 0:11 | Wisp |
| 0:23 | Moon Well |
| 0:38 | Ancient of War |
| 0:40 | Wisp |
| 0:45 | Wisp |
| 1:00 | Wisp |
| 1:21 | Wisp |
| 1:26 | Moon Well |
| 1:39 | Archer |
| 1:53 | Archer |
| 2:17 | Immolation |
| 2:18 | Archer |
| 2:37 | Tree of Ages |
| 2:53 | Archer |
| 3:10 | Archer |
| 3:33 | Archer |
| 3:53 | Archer |
| 3:56 | Hunter's Hall |
| 4:33 | Moon Well |
| 4:58 | Mana Burn |
| 5:03 | Ancient of Wind |
| 5:12 | Improved Bows |
| 5:13 | Wisp |
| 5:14 | Wisp |
| 5:14 | Wisp |
| 5:28 | Huntress |
| 5:44 | Moon Well |
| 6:37 | Hippogryph |
| 6:37 | Hippogryph |
| 6:39 | Archer |
| 7:03 | Huntress |
| 7:11 | Hippogryph |
| 7:18 | Strength of the Moon |
| 7:43 | Huntress |
| 8:06 | Hippogryph |
| 8:15 | Hippogryph |
| 8:30 | Improved Strength of the Moon |
| 8:37 | Moon Glaive |
| 9:30 | Ancient of Lore |
| 9:38 | Moon Well |
| 10:13 | Moon Armor |
| 10:19 | Tree of Eternity |
| 10:20 | Huntress |
| 11:06 | Glaive Thrower |
| 11:34 | Trueshot Aura |
| 11:45 | Moon Well |
| 12:46 | Chimaera Roost |
| 14:13 | Chimaera |
| 14:14 | Strength of the Wild |
| 15:08 | Advanced Strength of the Moon |
| 15:14 | Glaive Thrower |
| 15:50 | Chimaera |
| 16:07 | Improved Strength of the Wild |
| 16:50 | Chimaera |
| 17:35 | Chimaera |
| 18:03 | Advanced Strength of the Wild |
| 18:21 | Hippogryph |
| 18:24 | Chimaera |
| 19:36 | Reinforced Hides |
| 19:51 | Chimaera |
| 20:19 | Corrosive Breath |
| 20:40 | Improved Reinforced Hides |
| Select group | 628 |
| Right click | 321 |
| Select | 179 |
| Build/train/purchase | 66 |
| Assign group | 41 |
| Use ability | 8 |
| Esc | 1 |


| Potion of Healing | 1 | 150 |
| total: | 1 | 150g |
| Wisp | 11 | 660 | / | 0 |
| Huntress | 5 | 975 | / | 100 |
| Druid of the Claw | 5 | 1275 | / | 400 |
| Glaive Thrower | 3 | 630 | / | 195 |
| Mountain Giant | 5 | 1750 | / | 500 |
| total: | 29 | 5290g | / | 1195w |
| Altar of Elders | 1 | 180 | / | 50 |
| Moon Well | 6 | 1080 | / | 240 |
| Hunter's Hall | 1 | 210 | / | 100 |
| Ancient of War | 1 | 150 | / | 60 |
| Ancient of Wonders | 1 | 90 | / | 30 |
| Ancient of Lore | 2 | 310 | / | 290 |
| Tree of Ages | 1 | 320 | / | 180 |
| Tree of Eternity | 1 | 330 | / | 200 |
| total: | 12 | 2020g | / | 770w |
| 0:03 | Wisp |
| 0:03 | Wisp |
| 0:03 | Wisp |
| 0:16 | Altar of Elders |
| 0:21 | Moon Well |
| 0:28 | Wisp |
| 0:28 | Wisp |
| 0:52 | Wisp |
| 0:52 | Wisp |
| 0:52 | Wisp |
| 0:52 | Wisp |
| 1:34 | Wisp |
| 1:34 | Wisp |
| 1:41 | Hunter's Hall |
| 1:45 | Ancient of War |
| 1:58 | Moon Well |
| 2:15 | Moon Well |
| 2:31 | Shadow Strike |
| 3:07 | Huntress |
| 3:07 | Huntress |
| 4:04 | Huntress |
| 4:05 | Tree of Ages |
| 4:07 | Huntress |
| 4:14 | Ancient of Wonders |
| 5:05 | Huntress |
| 5:08 | Moon Well |
| 6:29 | Ancient of Lore |
| 6:32 | Ancient of Lore |
| 6:34 | Tree of Eternity |
| 6:36 | Strength of the Moon |
| 7:06 | Blink |
| 7:49 | Druid of the Claw Adept Training |
| 7:50 | Druid of the Claw |
| 7:52 | Vorpal Blades |
| 7:52 | Glaive Thrower |
| 8:16 | Potion of Healing |
| 8:23 | Strength of the Wild |
| 8:30 | Druid of the Claw |
| 9:55 | Druid of the Claw |
| 9:57 | Glaive Thrower |
| 10:35 | Druid of the Claw Master Training |
| 10:37 | Druid of the Claw |
| 11:01 | Improved Strength of the Wild |
| 11:03 | Reinforced Hides |
| 11:30 | Glaive Thrower |
| 11:34 | Mark of the Claw |
| 11:38 | Druid of the Claw |
| 14:34 | Hardened Skin |
| 14:35 | Resistant Skin |
| 14:35 | Mountain Giant |
| 14:35 | Mountain Giant |
| 14:36 | Mountain Giant |
| 14:40 | Improved Reinforced Hides |
| 15:29 | Forked Lightning |
| 15:46 | Mountain Giant |
| 15:57 | Moon Well |
| 16:02 | Moon Well |
| 17:14 | Mountain Giant |
| 17:22 | Advanced Reinforced Hides |
| 17:23 | Advanced Strength of the Wild |
| 20:13 | Shadow Strike |
| Right click | 944 |
| Select group | 453 |
| Select | 209 |
| Build/train/purchase | 62 |
| Use ability | 26 |
| Assign group | 25 |
| Minimap ping | 5 |


| Scroll of Regeneration | 2 | 200 |
| Lesser Clarity Potion | 2 | 140 |
| Boots of Speed | 1 | 250 |
| total: | 5 | 590g |
| Peasant | 12 | 900 | / | 0 |
| Footman | 3 | 405 | / | 0 |
| Rifleman | 5 | 1025 | / | 150 |
| Mortar Team | 4 | 720 | / | 280 |
| Siege Engine | 6 | 1170 | / | 360 |
| Knight | 3 | 735 | / | 180 |
| total: | 33 | 4955g | / | 970w |
| Scout Tower | 1 | 30 | / | 20 |
| Arcane Tower | 2 | 140 | / | 100 |
| Altar of Kings | 1 | 180 | / | 50 |
| Farm | 10 | 800 | / | 200 |
| Barracks | 1 | 160 | / | 60 |
| Blacksmith | 1 | 140 | / | 60 |
| Arcane Vault | 1 | 130 | / | 30 |
| Lumber Mill | 1 | 120 | / | 0 |
| Workshop | 2 | 280 | / | 280 |
| Keep | 1 | 320 | / | 210 |
| Castle | 1 | 360 | / | 210 |
| total: | 18 | 1840g | / | 700w |
| 0:03 | Peasant |
| 0:03 | Peasant |
| 0:13 | Altar of Kings |
| 0:22 | Farm |
| 0:27 | Farm |
| 0:34 | Peasant |
| 0:37 | Barracks |
| 0:46 | Peasant |
| 1:05 | Peasant |
| 1:24 | Peasant |
| 1:34 | Farm |
| 1:39 | Footman |
| 1:51 | Blacksmith |
| 1:57 | Footman |
| 2:06 | Farm |
| 2:16 | Storm Bolt |
| 2:23 | Peasant |
| 2:49 | Footman |
| 2:53 | Arcane Vault |
| 3:24 | Rifleman |
| 3:31 | Farm |
| 4:21 | Peasant |
| 4:21 | Peasant |
| 4:21 | Peasant |
| 4:24 | Rifleman |
| 5:10 | Keep |
| 5:17 | Farm |
| 5:22 | Iron Plating |
| 5:44 | Rifleman |
| 6:31 | Boots of Speed |
| 7:07 | Bash |
| 7:48 | Long Rifles |
| 7:48 | Rifleman |
| 7:57 | Lumber Mill |
| 7:58 | Peasant |
| 7:58 | Peasant |
| 8:03 | Workshop |
| 8:23 | Farm |
| 8:34 | Scroll of Regeneration |
| 8:39 | Lesser Clarity Potion |
| 8:41 | Scroll of Regeneration |
| 8:43 | Lesser Clarity Potion |
| 9:00 | Improved Lumber Harvesting |
| 9:09 | Scout Tower |
| 9:14 | Mortar Team |
| 9:37 | Holy Light |
| 9:41 | Arcane Tower |
| 9:44 | Arcane Tower |
| 9:47 | Farm |
| 10:37 | Mortar Team |
| 10:50 | Castle |
| 11:00 | Black Gunpowder |
| 11:33 | Rifleman |
| 11:50 | Farm |
| 11:54 | Mortar Team |
| 13:56 | Storm Bolt |
| 14:42 | Barrage |
| 14:42 | Siege Engine |
| 14:42 | Siege Engine |
| 14:43 | Siege Engine |
| 14:49 | Knight |
| 14:49 | Knight |
| 14:54 | Workshop |
| 15:03 | Farm |
| 15:05 | Refined Gunpowder |
| 15:51 | Siege Engine |
| 15:51 | Siege Engine |
| 17:09 | Knight |
| 17:13 | Siege Engine |
| 17:29 | Advanced Lumber Harvesting |
| 18:12 | Mortar Team |
| 18:29 | Steel Plating |
| Right click | 548 |
| Select | 231 |
| Select group | 88 |
| Build/train/purchase | 64 |
| Use ability | 19 |
| Assign group | 18 |
| Misc. action | 12 |
| Minimap ping | 5 |
| Item give/drop | 1 |
| Remove unit | 1 |
โ